 Dungeon Crawl Stone Soup version 0.31-a0-859-g9dce7d3444 (webtiles) character file.

Game seed: 3891676566997991136

36 Bnni the Vexing (level 3, 0/27 HPs)
             Began as a Formicid Hexslinger on Oct 10, 2023.
             Slain by a quokka (5 damage)
             ... on level 2 of the Dungeon.
             The game lasted 00:00:36 (874 turns).

Bnni the Vexing (Formicid Hexslinger)                Turns: 874, Time: 00:00:37

Health: 0/27       AC:  2    Str: 12    XL:     3   Next: 57%
Magic:  5/5        EV: 12    Int: 12    God:
Gold:   50         SH:  0    Dex: 18    Spells: 5/5 levels left

rFire   . . .        a - +1 sling
rCold   . . .        (no shield)
rNeg    . . .        c - +0 robe
rPois   .            (helmet unavailable)
rElec   .            (no cloak)
rCorr   .            (no gloves)
SInv    +            (no boots)
Will    .....        (no amulet)
Stlth   ++           (no ring)
HPRegen 0.24/turn    (no ring)
MPRegen 0.09/turn

%: no passive effects
@: no status effects
A: permanent stasis, dig shafts and tunnels, antennae 3, four strong arms
a: Dig, Shaft Self


You were on level 2 of the Dungeon.
You visited 1 branch of the dungeon, and saw 2 of its levels.

You collected 50 gold pieces.

Inventory:

Hand Weapons
 a - a +1 sling (weapon)
Armour
 c - a +0 robe (worn)
Scrolls
 b - a scroll of poison
 f - a scroll of brand weapon {unknown}
 g - a scroll of identify {unknown}
Potions
 d - a potion of attraction {unknown}
 e - a potion of brilliance {unknown}
 h - a potion of magic {unknown}
 i - a potion of ambrosia {unknown}


   Skills:
 + Level 1.7 Fighting
 * Level 2.6 Ranged Weapons
 - Level 1.7 Dodging
 + Level 1.5 Spellcasting
 * Level 4.2 Hexes
 - Level 1.0 Fire Magic


You had 5 spell levels left.
You didn't know any spells.
Your spell library contained the following spells:

 Spells                   Type           Power      Damage    Failure   Level
 Jinxbite                 Hex            22%        N/A       8%          2
 Sigil of Binding         Hex            11%        N/A       16%         3
 Inner Flame              Hex/Fire       7%         N/A       28%         3
 Cause Fear               Hex            5%         N/A       45%         4
 Volatile Blastmotes      Fire/Tloc      4%         2d10      56%         3
 Dimensional Bullseye     Hex/Tloc       3%         N/A       75%         4
 Leda's Liquefaction      Hex/Erth       3%         N/A       75%         4
 Manifold Assault         Tloc           0%         N/A       96%         4
 Dispersal                Tloc           0%         N/A       100%        6


Dungeon Overview and Level Annotations

Branches:
Dungeon (2/15)

Altars:


Innate Abilities, Weirdness & Mutations

You cannot be hasted, slowed, berserked, paralysed or teleported.
You can dig through walls and to a lower floor.
You have a pair of large antennae on your head. (SInv)
Your four strong arms can wield two-handed weapons with a shield.


Message History

The adder closely misses you.
You shoot a sling bullet.
The sling bullet hits the adder but does no damage.
The adder is severely wounded.
The adder closely misses you. The quokka barely misses you.
The adder barely misses you. The quokka bites you.
There are monsters nearby!
You shoot a sling bullet. The sling bullet misses the adder.
The adder bites you but does no damage. The quokka bites you.
There are monsters nearby!
You shoot a sling bullet.
The sling bullet barely misses the adder.
The adder bites you but does no damage. The quokka completely misses you.
The adder misses you. The quokka barely misses you.
There are monsters nearby!
You shoot a sling bullet. The sling bullet hits the adder.
The adder is severely wounded.
The adder bites you but does no damage. The quokka bites you.
The adder bites you.
There are monsters nearby!
You shoot a sling bullet.
The sling bullet barely misses the adder.
The quokka barely misses you. The adder bites you. The quokka bites you.
You are too injured to fight recklessly!
Fire: a) +1 sling
Press: ? - help, Shift-Dir - straight line, f/p - adder
Aim: an adder (severely wounded, 42% to hit)
You shoot a sling bullet. The sling bullet hits the adder!
You kill the adder!
The quokka bites you.
Unknown command.
Fire: a) +1 sling
Press: ? - help, Shift-Dir - straight line, f - quokka
Aim: a quokka (50% to hit)
You shoot a sling bullet.
The sling bullet closely misses the quokka.
The quokka bites you.
* * * LOW HITPOINT WARNING * * *
The quokka bites you.
You die...

#.# #.#######
#........ .
#.######....
#........... #
#.######...
##.#.#### ..
#.......#.###.#
......#.##@.......
####.##.##.r.###.#
... ......#.# ###
##.##..##.#
#....#. ...
......## ###
#####. $


You could see a quokka.

Vanquished Creatures
  An adder (D:2)
  A dart slug (D:1)
  2 ball pythons (D:1)
  3 endoplasms
  A giant cockroach (D:1)
  2 goblins (D:1)
  3 hobgoblins (D:1)
  2 kobolds (D:1)
  3 quokkas (D:1)
  A frilled lizard (D:1)
  4 rats (D:1)
23 creatures vanquished.

Notes
Turn   | Place    | Note
-------+----------+-------------------------------------------
     0 | D:1      | Bnni the Formicid Hexslinger began the quest for the Orb.
     0 | D:1      | Reached XP level 1. HP: 15/15 MP: 2/2
    66 | D:1      | Reached XP level 2. HP: 21/21 MP: 3/3
   122 | D:1      | Got a colourful book
   314 | D:1      | Reached skill level 4 in Hexes
   392 | D:1      | Reached XP level 3. HP: 26/26 MP: 5/5
   711 | D:1      | Found a faded altar of an unknown god.
   874 | D:2      | Slain by a quokka

Illustrated notes

Levels and vault maps discovered:
D:1:      ldierk_walled_garden_2, layout_basic,
          hellmonk_ecumenical_altar_inner_sanctum, minmay_ruptured
D:2:      layout_loops_ring, serial_bayou_crossing

Skill      XL: |  1  2 |
---------------+-------+-----
Hexes          | 4 |  4.2
Fighting       | |  1.7
Ranged Weapons | |  2.6
Dodging        | |  1.7
Spellcasting   | |  1.5
Fire Magic     | |  1.0

Action                     || total
---------------------------++-------
   Fire: Sling             ||    74
 Armour: Robe              ||    19
  Dodge: Dodged            ||    28

Table legend: (Time is in decaauts)
 A = Elapsed time spent in this place.
 B = Non-inter-level travel time spent in this place.
 C = Inter-level travel time spent in this place.
 D = Time resting spent in this place.
 E = Time spent auto-exploring this place.
 F = Levels seen in this place.
 G = Mean time per level.
                   A        B        C        D        E       F      G
               +--------+--------+--------+--------+--------+-----+--------+
         Total |    895 |    846 |     49 |      0 |    711 |   2 |  447.5 |
       Dungeon |    895 |    846 |     49 |      0 |    711 |   2 |  447.5 |
               +--------+--------+--------+--------+--------+-----+--------+

Top non-repeatable levels by time:
     D:1: 839 daAuts
     D:2: 55 daAuts
